 Dungeon Crawl Stone Soup version 0.29.0-11-gd7f09526c8 (webtiles) character file.

Game seed: 532043045328183500

487 robertstho the Ruffian (level 7, -11/55 HPs)
             Began as a Vine Stalker Berserker on Sept 2, 2022.
             Was a Priest of Trog.
             Mangled by an ogre
             ... wielding a +0 giant spiked club
              (24 damage)
             ... on level 5 of the Dungeon.
             The game lasted 00:05:39 (3269 turns).

robertstho the Ruffian (Vine Stalker Berserker)     Turns: 3269, Time: 00:05:39

Health: -11/55     AC:  4    Str: 21    XL:     7   Next: 13%
Magic:  0/8        EV: 12    Int: 12    God:    Trog [***...]
Gold:   254        SH:  0    Dex: 20    Spells: 6/6 levels left

rFire   . . .      SeeInvis +   r - +6 battleaxe "Henywnemp" {venom, Int+3 Dex+2}
rCold   . . .      Faith    .   (shield currently unavailable)
rNeg    . . .      Spirit   +   k - +1 leather armour of the Moon Troll {Int+2 Dex+4}
rPois   .          Reflect  .   (no helmet)
rElec   .          Harm     .   (no cloak)
rCorr   .          Rampage  .   (no gloves)
Will    .....                   (no boots)
Stlth   ..........              (no amulet)
HPRegen 0.98/turn               q - ring of see invisible
MPRegen 0.11/turn               (no ring)

@: berserking, marked, very quick
A: fangs 2, regeneration 1, magic shield, antimagic bite, no potion heal 2
a: Renounce Religion, Berserk, Trog's Hand


You were on level 5 of the Dungeon.
You worshipped Trog.
Trog was most pleased with you.
You visited 1 branch of the dungeon, and saw 5 of its levels.

You collected 254 gold pieces.

Inventory:

Hand Weapons
 r - the +6 battleaxe "Henywnemp" (weapon) {venom, Int+3 Dex+2}
   (You found it on level 3 of the Dungeon)

   It poisons the flesh of those it strikes.
   Int:       It affects your intelligence (+3).
   Dex:       It affects your dexterity (+2).
Armour
 h - a +1 leather armour of willpower
 k - the +1 leather armour of the Moon Troll (worn) {Int+2 Dex+4}
   (You found it on level 3 of the Dungeon)

   Int:       It affects your intelligence (+2).
   Dex:       It affects your dexterity (+4).
Jewellery
 q - a ring of see invisible (left hand)
Wands
 e - a wand of flame (20)
Scrolls
 g - 2 scrolls of poison {unknown}
 l - 2 scrolls of teleportation {unknown}
 n - a scroll of enchant armour {unknown}
 o - a scroll of fear
 s - a scroll of fog {unknown}
Potions
 a - a potion of degeneration {unknown}
 c - 4 potions of flight
 d - 2 potions of berserk rage {unknown}
 f - 3 potions of haste {unknown}
 i - 2 potions of heal wounds {unknown}
 j - a potion of curing {unknown}
 m - 2 potions of might {unknown}
 p - a potion of attraction {unknown}
 u - a potion of brilliance {unknown}


   Skills:
 * Level 3.8 Fighting
 + Level 1.7 Axes
 * Level 2.5 Armour
 + Level 2.2 Dodging
 + Level 1.9 Stealth
 + Level 5.7 Unarmed Combat


You had 6 spell levels left.
You didn't know any spells.
Your spell library was empty.

Dungeon Overview and Level Annotations

Branches:
Dungeon (5/15)
 Temple: D:4-7

Altars:


Innate Abilities, Weirdness & Mutations

You have extremely sharp teeth.
Your natural rate of healing is unusually fast.
When hurt, damage is shared between your health and your magic reserves.
Your bite disrupts and absorbs the magic of your enemies.
Potions cannot restore your health.


Message History

You slash Blork the orc!
Blork the orc looks as sick as possible!
Your bite misses Blork the orc.
Blork the orc is heavily wounded.
Blork the orc begins to cast a cantrip, but forgets the words!
Blork the orc screams, "I don't like you!"
Blork the orc misses you.
You slash Blork the orc!
You kill Blork the orc!
Trog accepts your kill.
Trog appreciates your killing of a magic user.
You have reached level 7!
The adder closely misses you.
Things that are here:
a +0 short sword; a +0 robe You miss the adder.
The adder misses you. The adder bites you.
You miss the adder. The adder bites you. x2
You slash the adder!
The adder is almost dead.
The adder barely misses you. The adder bites you but does no damage.
You closely miss the adder.
The adder is almost dead.
The adder misses you. The adder closely misses you.
An ogre comes into view. It is wielding a +0 giant spiked club.
You slice the adder!!
You kill the adder!
Trog accepts your kill.
The ogre hits you with a +0 giant spiked club!
You slash the ogre! You bite the ogre! You drain its power.
You feel invigorated.
The ogre is severely wounded.
You hear the slow rusting of a drain very nearby.
You hear the slow hiss of an avalanche of sand very nearby.
The ogre hits you with a +0 giant spiked club!!
Ouch! That really hurt!
* * * LOW HITPOINT WARNING * * *
A red film seems to cover your vision as you go berserk!
You feel yourself moving faster!
You feel mighty!
The ogre hits you with a +0 giant spiked club!!
You die...

**,,#.......##.##.#* *,,,,,,,*
*,.........#..##.## *,,,,,,,,
**,###.>......#....### **,,,*****
,,** #..###..........#**,,,,* *
,,* ##.* ##......##,,,,,,,,* ,**
#.**##......###...,**,** * ,*
*,,##............#****,**** ,*
*,,#......O###...,,#**,,*,, ***
***#.....<..@###**,...,,,,,,,
,,***,,.........)..##.....,,,,,,*
,,,,,,.......####..†..#*,,,,,,,,,
,*****.......* ###...#,,*,,,,,,,
** **......** *##...#**,,*,,* *
*,....,,******,,.##,**,,,** *
**,,,,,,,,,,*,,,*#,∩,**,**
*******,,,,,,****,,**,,+*,**,,,**
,,,,,,,,,,,,,* **,,**,,***,,,,,,


You could see an ogre.

Vanquished Creatures
  An ogre (D:3)
  Blork the orc (D:5)
  A scorpion (D:4)
  2 orc priests (D:2)
  Jessica (D:2)
  An iguana (D:4)
  5 adders
  An ufetubus (D:4)
  2 worms
  3 dart slugs
  5 orcs
  5 bats
  6 endoplasms
  A giant cockroach (D:3)
  21 goblins
  12 hobgoblins
  3 jackals (D:1)
  6 quokkas
  7 ball pythons
  5 frilled lizards
  14 kobolds
  5 rats
108 creatures vanquished.

Notes
Turn   | Place    | Note
-------+----------+-------------------------------------------
     0 | D:1      | robertstho the Vine Stalker Berserker began the quest for
                  | the Orb.
     0 | D:1      | Reached XP level 1. HP: 11/11 MP: 2/2
    48 | D:1      | Found a faded altar of an unknown god.
    73 | D:1      | Reached XP level 2. HP: 5/16 MP: 0/3
   701 | D:1      | Reached XP level 3. HP: 15/19 MP: 2/4
  1266 | D:2      | Noticed Jessica
  1272 | D:2      | Killed Jessica
  1273 | D:2      | Reached skill level 4 in Unarmed Combat
  1273 | D:2      | Gained mutation: Your natural rate of healing is unusually
                  | fast. [Vine Stalker growth]
  1273 | D:2      | Reached XP level 4. HP: 19/24 MP: 3/5
  1300 | D:2      | Reached ** piety under Trog
  1523 | D:2      | Reached XP level 5. HP: 10/28 MP: 0/6
  1860 | D:3      | Identified the +1 leather armour of the Moon Troll {Int+2
                  | Dex+4}
  1899 | D:3      | Reached skill level 5 in Unarmed Combat
  2016 | D:3      | Noticed an ogre
  2025 | D:3      | Killed an ogre
  2026 | D:3      | Reached skill level 1 in Stealth
  2026 | D:3      | Reached XP level 6. HP: 32/32 MP: 7/7
  2387 | D:3      | Identified the +6 battleaxe "Henywnemp" {venom, Int+3
                  | Dex+2}
  2534 | D:4      | Reached *** piety under Trog
  2934 | D:4      | Reached skill level 1 in Axes
  3226 | D:5      | Entered Level 5 of the Dungeon
  3255 | D:5      | Noticed Blork the orc
  3260 | D:5      | Killed Blork the orc
  3261 | D:5      | Reached XP level 7. HP: 34/37 MP: 6/8
  3269 | D:5      | Mangled by an ogre

Illustrated notes

Levels and vault maps discovered:
D:1:      minmay_arrival_semitransparent, layout_loops_ring,
          dreamdust_ecumenical_altar_statues
D:2:      cheibrodos_pilgrimage, layout_loops_ring, minmay_tromino_v2,
          uniq_jessica
D:3:      layout_loops_ring, minmay_ogre_servants
D:4:      layout_basic, minmay_goblin_kobold_house
D:5:      layout_layer_cave, enter_ossuary_5, portal_sewer_entry_d,
          uniq_blork_the_orc

Skill      XL: |  1  2  3  4  5  6 |
---------------+-------------------+-----
Fighting       | 3 |  3.8
Unarmed Combat | 4 5 |  5.7
Dodging        | 2 |  2.2
Armour         | 2 |  2.5
Stealth        | 1 |  1.9
Axes           | 1 |  1.7

Action                   |  1- 3 |  4- 6 |  7- 9 || total
-------------------------+-------+-------+-------++-------
Melee: Unarmed           |    59 |    94 |       ||   153
       Bite              |    15 |    29 |     1 ||    45
       Punch             |     2 |     2 |       ||     4
       Battleaxe         |       |    48 |     6 ||    54
Invok: Berserk           |     1 |     3 |     1 ||     5
  Use: Scroll            |       |     4 |       ||     4
 Stab: Sleeping          |     1 |     5 |       ||     6
Armor: Animal skin       |    11 |       |       ||    11
       Leather armour    |       |    42 |     1 ||    43
Dodge: Dodged            |    28 |    72 |     5 ||   105
